 Dungeon Crawl Stone Soup version 0.28.0-45-g0d030f2227 (webtiles) character file.

Game seed: 3698189388068047580

53 vvl the Stinger (level 3, -10/26 HPs)
             Began as a Demonspawn Venom Mage on Apr 18, 2022.
             Killed by divine providence
             ... invoked by an orc priest
              (13 damage)
             ... on level 2 of the Dungeon.
             The game lasted 00:03:49 (2212 turns).

vvl the Stinger (Demonspawn Venom Mage)             Turns: 2212, Time: 00:03:50

Health: -10/26     AC:  2    Str:  8    XL:     3   Next: 62%
Magic:  5/6        EV: 17    Int: 18    God:
Gold:   26         SH:  0    Dex: 13    Spells: 5/6 levels left

rFire   . . .      SeeInvis .   c - +2 whip (elec)
rCold   . . .      Faith    .   (no shield)
rNeg    . . .      Spirit   .   a - +0 robe
rPois   .          Reflect  .   (no helmet)
rElec   .          Harm     .   (no cloak)
rCorr   .          Rampage  .   (no gloves)
Will    .....                   (no boots)
Stlth   ++........              (no amulet)
HPRegen 0.08/turn               (no ring)
MPRegen 0.10/turn               (no ring)

@: mighty, agile
A: powered by pain 1
a: no special abilities


You were on level 2 of the Dungeon.
You visited 1 branch of the dungeon, and saw 2 of its levels.

You collected 26 gold pieces.

Inventory:

Hand Weapons
 c - a +2 whip of electrocution (weapon)
Armour
 a - a +0 robe (worn)


   Skills:
 + Level 1.0 Fighting
 - Level 2.0 Dodging
 - Level 2.0 Stealth
 + Level 2.3 Spellcasting
 + Level 1.4 Transmutations
 * Level 3.7 Poison Magic


You had 5 spell levels left.
You knew the following spells:

 Your Spells              Type           Power      Damage    Failure   Level
a - Sting                 Tmut/Pois      44%        1d5       6%          1

Your spell library contained the following spells:

 Spells                   Type           Power      Damage    Failure   Level
 Poisonous Vapours        Pois/Air       16%        N/A       12%         2
 Mephitic Cloud           Conj/Pois/Air  6%         N/A       32%         3
 Olgreb's Toxic Radiance  Pois           15%        N/A       36%         4


Dungeon Overview and Level Annotations

Branches:
Dungeon (2/15)

Altars:


Innate Abilities, Weirdness & Mutations

You sometimes gain a little power by taking damage.


Message History

The kobold is severely wounded.
The kobold throws a stone.
The stone hits you.
The sting hits the kobold.
The kobold looks even sicker.
You kill the kobold!
You can't see any susceptible monsters within range! (Use Z to cast anyway.) 2 orcs and a frilled lizard come into view.
Found 5 gold pieces.
Found an escape hatch in the floor.
There are monsters nearby!
There are monsters nearby!
An orc priest and an orc come into view.
The orc priest is wielding a +1 short sword of protection.
The orc is wielding a +2 flail of protection.
The orc shouts! x2; The orc priest shouts!
The orc shouts!
The sting misses the frilled lizard.
The sting misses the orc.
The orc priest mumbles some strange prayers to Beogh against you.
Beogh smites you!
You focus on the pain.
You feel agile all of a sudden.
The sting hits the frilled lizard.
The frilled lizard is poisoned.
You kill the frilled lizard!
Your Fighting skill increases to level 1!
You hit the orc but do no damage. You barely miss the orc.
You barely miss the orc. The orc closely misses you.
The orc priest looks satisfied for a moment.
You hit the orc.
The orc is moderately wounded.
The orc completely misses you.
The orc priest calls down the wrath of Beogh upon you.
Beogh smites you!
Ouch! That really hurt!
* * * LOW HITPOINT WARNING * * *
You focus on the pain.
You feel very mighty all of a sudden.
As you read the scroll labelled MAH IGYCWENUD, it crumbles to dust.
You feel aware of your surroundings.
It was a scroll of magic mapping.
The orc barely misses you.
The orc priest casts a cantrip, but nothing happens.
The orc priest mumbles some strange prayers to Beogh against you.
Beogh smites you!
Ouch! That really hurt!
You die...

*****,,,* #.....#*****,,,**
##.,,,,*,* #.#....# *****
...***,,,* #o##.$.#* ...*
**,** #..#.oo.# ******* ##.*
*,* #o##*.>.# *,,,,,, *,* *,*
#o# *...# *,***** ##.# *,*
#o# **### *,* .#.# *,*
####.#####.# *,* ...#
*,**####..@....##.# *,* ...#
*,,,..##..####.##.# *,* ...#
***##.##.#.#*#.##.# *,* ...#
##....###.##....# *,*
..#######.#..##.##.#.#### *,*
.#..........##.#.##....# *,*
...######.#...###....#.#***,*
.............## ##†###...,,,*
............#.#*#.## **###***


You could see an orc priest and 3 orcs.

Vanquished Creatures
  2 adders (D:2)
  2 endoplasms (D:1)
  2 goblins (D:1)
  3 hobgoblins (D:1)
  4 jackals
  2 quokkas
  2 ball pythons
  4 bats (D:1)
  3 frilled lizards (D:2)
  7 kobolds
  2 rats (D:1)
33 creatures vanquished.

Notes
Turn   | Place    | Note
-------+----------+-------------------------------------------
     0 | D:1      | vvl the Demonspawn Venom Mage began the quest for the Orb.
     0 | D:1      | Reached XP level 1. HP: 13/13 MP: 3/3
   365 | D:1      | Reached skill level 1 in Transmutations
   419 | D:1      | Gained mutation: You sometimes gain a little power by
                  | taking damage. [demonic ancestry]
   419 | D:1      | Reached XP level 2. HP: 4/19 MP: 1/5
  1450 | D:2      | Reached XP level 3. HP: 7/25 MP: 0/6
  1841 | D:2      | Found a faded altar of an unknown god.
  2200 | D:2      | Reached skill level 1 in Fighting
  2212 | D:2      | Killed from afar by an orc priest

Illustrated notes

Levels and vault maps discovered:
D:1:      amcnicky_arrival_blooded_trapdoor, layout_loops_ring
D:2:      layout_loops_ring, chequers_ecumenical_altar_twisty,
          grunt_ministairs_12, chequers_serial_rivers_marsh,
          guppyfry_early_lair_pool, uniq_robin

Skill      XL: |  1  2  3 |
---------------+----------+-----
Transmutations | 1 |  1.4
Dodging        | 2 |  2.0
Stealth        | 2 |  2.0
Fighting       | 1 |  1.0
Spellcasting   | |  2.3
Poison Magic   | |  3.7

Action                   || total
-------------------------++-------
Melee: Unarmed           ||    32
       Whip              ||    20
 Cast: Sting             ||    66
  Use: Potion            ||     1
       Scroll            ||     1
 Stab: Sleeping          ||     1
Armor: Robe              ||    21
Dodge: Dodged            ||    62
